 Dungeon Crawl Stone Soup version 0.30-a0-377-g5cb311bc9f (webtiles) character file.

Game seed: 14692269947245948319

5548 NinjaNoafa the Carver (level 10, -5/79 HPs)
             Began as a Merfolk Gladiator on Nov 30, 2022.
             Was a Believer of Uskayaw.
             Succumbed to poison (poison gas)
             ... in a Gauntlet.
             The game lasted 00:18:40 (9584 turns).

NinjaNoafa the Carver (Merfolk Gladiator)           Turns: 9584, Time: 00:18:40

Health: -5/79      AC:  9    Str: 15    XL:     10   Next: 71%
Magic:  10/10      EV: 20    Int:  7    God:    Uskayaw [**....]
Gold:   500        SH:  5    Dex: 20    Spells: 9/9 levels left

rFire   . . .      SeeInvis .    E - +2 scimitar (flame)
rCold   . . .      Faith    .    (no shield)
rNeg    + . .      Spirit   .    J - +2 troll leather armour
rPois   .          Reflect  +    v - +2 helmet
rElec   .          Harm     .    (no cloak)
rCorr   .          Rampage  .    (no gloves)
Will    .....      NoTele   +    (no boots)
Stlth   +.........               r - amulet of reflection
HPRegen 1.13/turn                h - +4 ring of evasion
MPRegen 0.12/turn                t - ring of positive energy

@: mighty, lethally poisoned (-5 -> -62), studying Axes
A: (nimble swimmer 2), mertail
a: Renounce Religion, Stomp, Line Pass


You were in a Gauntlet.
You worshipped Uskayaw.
Uskayaw was noncommittal.
You visited 3 branches of the dungeon, and saw 10 of its levels.
You also visited: Sewer and Gauntlet.

You collected 500 gold pieces.

Inventory:

Hand Weapons
 a - a +2 dagger of holy wrath
 E - a +2 scimitar of flaming (weapon)
Missiles
 c - 25 poisoned darts
 d - 2 throwing nets
 e - a javelin
 f - 98 stones
 i - 7 boomerangs (quivered)
 y - 2 curare-tipped darts
Armour
 v - a +2 helmet (worn)
 J - a +2 troll leather armour (worn)
Jewellery
 h - a +4 ring of evasion (left hand)
 k - a +6 ring of strength
 o - a ring of ice
 r - an amulet of reflection (around neck)
 t - a ring of positive energy (right hand)
Wands
 G - a wand of charming (11)
 I - a wand of polymorph (14)
 K - a wand of flame (5)
Scrolls
 b - 2 scrolls of butterflies {unknown}
 j - a scroll of brand weapon {unknown}
 m - 4 scrolls of poison
 q - a scroll of enchant armour
 s - 4 scrolls of teleportation
 u - a scroll of noise {unknown}
 D - a scroll of vulnerability {unknown}
 F - a scroll of fear {unknown}
 H - a scroll of magic mapping {unknown}
Potions
 g - 3 potions of degeneration
 l - 2 potions of curing
 n - a potion of heal wounds
 p - 2 potions of attraction
 w - a potion of flight {unknown}
 x - a potion of mutation
 z - 2 potions of brilliance {unknown}
 A - 3 potions of magic
 B - a potion of cancellation {unknown}
 C - a potion of might


   Skills:
 - Level 7.0 Fighting
 - Level 7.5(11.3) Short Blades
 - Level 13.2(14.0) Long Blades
 + Level 4.8 Throwing
 - Level 7.0 Dodging
 + Level 3.3 Evocations


You had 9 spell levels left.
You didn't know any spells.
Your spell library contained the following spells:

 Spells                   Type           Power      Damage    Failure   Level
 Cigotuvi's Dreadful Rot  Necr/Pois/Air  0%         N/A       65%         2
 Poisonous Vapours        Pois/Air       0%         N/A       65%         2
 Ignite Poison            Fire/Tmut/Pois 0%         N/A       86%         3
 Kindle Blastsparks       Fire/Tloc/Air  0%         2d10      86%         3
 Mephitic Cloud           Conj/Pois/Air  0%         N/A       86%         3
 Freezing Cloud           Conj/Ice/Air   0%         6-21      100%        5


Dungeon Overview and Level Annotations

Branches:
Dungeon (8/15)             Temple (1/1) D:5            Lair (1/5) D:8
  Sewer (visited)         Gauntlet (1/1)

Altars:
Ashenzari
Cheibriados
Dithmenos
Elyvilon
Gozag
Hepliaklqana
Kikubaaqudgha
Nemelex Xobeh
Okawaru
Qazlal
Ru
Sif Muna
Trog
Uskayaw
Vehumet
Wu Jian
Xom
Zin
The Shining One

Annotations:
D:8 Erica Gauntlet 11 transporters, exclusion: obsidian statue


Innate Abilities, Weirdness & Mutations

((You are very nimble when in or above water. (Stealth+, EV+, Speed+++)))
Your lower body shifts to a powerful aquatic tail in water.


Message History

Aiming: Throw Flame
Press: ? - help, Shift-Dir - straight line, f - green death
Aim: a green death (83% to hit)
The puff of flame hits the green death.
The green death is lightly wounded.
You feel very mighty all of a sudden. The green death gestures at you.
The blast of poison misses you.
You hit the green death. You burn the green death.
The green death is lightly wounded.
You are engulfed in poison gas.
You are poisoned.
You feel very sick.
You barely miss the green death.
The green death is lightly wounded.
You are engulfed in poison gas.
You are more poisoned.
You feel very sick. The green death misses you.
You completely miss the green death.
The green death is lightly wounded.
You are engulfed in poison gas.
You are more poisoned.
You feel very sick. You block the green death's attack.
You slash the green death! You burn the green death. You punch the green death!
The green death is moderately wounded.
You are engulfed in poison gas.
You are more poisoned.
You feel extremely sick.
You can now pass through a line of other dancers.
You slice the green death!! You burn the green death!
The green death is severely wounded.
You are engulfed in poison gas.
You are lethally poisoned!
You feel extremely sick. The green death hits you!!
* * * LOW HITPOINT WARNING * * *
You slice the green death!! You burn the green death!
You kill the green death!
You are engulfed in poison gas.
You are more poisoned.
* * * LOW HITPOINT WARNING * * *
You die...

...........#≈#≈#≈#≈#≈#≈#≈##
.∩..8..§.§...........§§§.§#
....©......8.....8.....8.##
##########.......©.......≈#
...#.#.ww#...#########...##
..#...#.w#...#...©#..#...≈#
.##...##.#...#.##°#..#...##
#..#.#..##...#.##.#..#...≈#
....©....#.8.#.°@.#..#.8.##
#..#.#..##...###°°'..#...§#
.#######.#...#|°#.#..#...##
..#...#.w#...#.[#©#..#...≈#
..$[©.www#...#########...##
##########.....#.©.#.....≈#
..#.©.#....8...#.8.#...8.##
..#...#........#.©.#......##
..#.©.#.....###########...≈#


There were no monsters in sight!

Vanquished Creatures
  A green death (Gauntlet)
  A boulder beetle (Lair:1)
  Pikel (D:5)
  A komodo dragon (Lair:1)
  A troll (D:8)
  Prince Ribbit (D:5)
  A wyvern (D:8)
  The ghost of DrKenneth the Covered, an amateur MiFi (D:5)
  A water moccasin (D:4)
  An orc warrior (D:8)
  A sky beast (D:7)
  4 ice beasts
  2 black bears (D:5)
  2 wolves (D:8)
  4 ogres
  A phantom (D:5)
  4 kobold brigands
  3 bullfrogs
  2 scorpions (D:4)
  6 killer bees (D:8)
  3 electric eels (D:8)
  2 howler monkeys
  2 gnoll boudas
  9 hounds
  4 orc priests
  4 iguanas
  5 orc wizards
  Ijyb (D:5)
  9 gnolls
  10 adders
  6 river rats (Sewer)
  2 shadow imps
  2 white imps
  An ufetubus (D:6)
  4 worms
  2 dart slugs
  28 orcs
  7 endoplasms
  A giant cockroach (D:3)
  5 goblins
  6 hobgoblins
  3 jackals
  27 kobolds
  7 quokkas
  9 ball pythons
  6 bats
  5 frilled lizards
  19 rats
228 creatures vanquished.

Vanquished Creatures (others)
  5 plants
5 creatures vanquished.

Grand Total: 233 creatures vanquished

Notes
Turn   | Place    | Note
-------+----------+-------------------------------------------
     0 | D:1      | NinjaNoafa the Merfolk Gladiator began the quest for the
                  | Orb.
     0 | D:1      | Reached XP level 1. HP: 16/16 MP: 1/1
   326 | D:1      | Reached XP level 2. HP: 22/22 MP: 2/2
   570 | D:1      | Reached XP level 3. HP: 22/27 MP: 3/3
   608 | D:1      | Reached skill level 5 in Short Blades
   835 | D:2      | Found a glowing silver altar of Zin.
  1162 | D:2      | Reached XP level 4. HP: 33/33 MP: 4/4
  2298 | D:3      | Found a glowing drain.
  2334 | Sewer    | Entered a sewer
  2367 | Sewer    | Reached XP level 5. HP: 27/38 MP: 5/5
  2502 | Sewer    | Noticed a kobold brigand
  2555 | Sewer    | Killed a kobold brigand
  2783 | Sewer    | Noticed a kobold brigand
  2793 | Sewer    | Reached XP level 6. HP: 16/46 MP: 6/6
  3205 | Sewer    | Reached skill level 5 in Dodging
  3997 | D:4      | Reached XP level 7. HP: 54/54 MP: 7/7
  4010 | D:4      | Reached skill level 1 in Long Blades
  4316 | D:4      | Reached skill level 2 in Long Blades
  4514 | D:4      | Reached skill level 5 in Fighting
  5149 | D:5      | Entered Level 5 of the Dungeon
  5167 | D:5      | Found a transporter.
  5167 | D:5      | Noticed DrKenneth's ghost (amateur MiFi)
  5213 | D:5      | Found a transporter.
  5230 | D:5      | Reached XP level 8. HP: 56/64 MP: 8/8
  5233 | D:5      | Reached skill level 3 in Long Blades
  5364 | D:5      | Noticed Prince Ribbit
  5370 | D:5      | Reached skill level 4 in Long Blades
  5380 | D:5      | Killed Prince Ribbit
  5381 | D:5      | Reached skill level 5 in Long Blades
  5582 | D:5      | Noticed Pikel
  5591 | D:5      | Killed Pikel
  5592 | D:5      | Reached skill level 8 in Long Blades
  5592 | D:5      | Reached XP level 9. HP: 72/72 MP: 9/9
  5602 | D:5      | Found a staircase to the Ecumenical Temple.
  5682 | Temple   | Entered the Ecumenical Temple
  5808 | D:5      | Noticed Ijyb
  5817 | D:5      | Killed Ijyb
  6000 | D:5      | Reached skill level 9 in Long Blades
  6513 | D:6      | Reached skill level 10 in Long Blades
  6885 | D:7      | Found a shadowy altar of Dithmenos.
  6885 | D:7      | Found an ancient bone altar of Kikubaaqudgha.
  6986 | D:7      | Found a hide-covered altar of Uskayaw.
  7056 | D:7      | Reached skill level 11 in Long Blades
  7257 | D:8      | Reached skill level 12 in Long Blades
  7257 | D:8      | Reached XP level 10. HP: 74/79 MP: 10/10
  7389 | D:7      | Found a shimmering blue altar of Sif Muna.
  7389 | D:7      | Found a hazy altar of Hepliaklqana.
  7389 | D:7      | Found a glowing silver altar of Zin.
  7392 | D:7      | Became a worshipper of Uskayaw the Reveller
  7555 | D:7      | Reached * piety under Uskayaw
  8134 | D:8      | Reached ** piety under Uskayaw
  8140 | D:8      | Reached *** piety under Uskayaw
  8145 | D:8      | Reached **** piety under Uskayaw
  8256 | D:8      | Reached skill level 13 in Long Blades
  8279 | D:8      | Reached ***** piety under Uskayaw
  8808 | D:8      | Found a staircase to the Lair.
  8845 | D:8      | Noticed Erica
  8995 | D:5      | Killed DrKenneth's ghost
  8999 | D:5      | Reached skill level 1 in Evocations
  9188 | Lair:1   | Entered Level 1 of the Lair of Beasts
  9238 | Lair:1   | Noticed a boulder beetle
  9249 | Lair:1   | Killed a boulder beetle
  9269 | Lair:1   | Found a gate leading to a gauntlet.
  9278 | Gauntlet | Entered a Gauntlet
  9278 | Gauntlet | Found a transporter.
  9287 | Gauntlet | Found a transporter.
  9289 | Gauntlet | Noticed a green death
  9301 | Gauntlet | Found a runed translucent gate.
  9301 | Gauntlet | Found a runed translucent gate.
  9303 | Gauntlet | Found a transporter.
  9307 | Gauntlet | Found a transporter.
  9317 | Gauntlet | Noticed a fire crab
  9325 | Gauntlet | Found a transporter.
  9329 | Gauntlet | Noticed a catoblepas
  9335 | Gauntlet | Noticed an obsidian statue
  9336 | Gauntlet | a catoblepas changed into a fenstrider witch
  9336 | Gauntlet | Noticed a fenstrider witch (glowing shapeshifter)
  9338 | Gauntlet | Found a transporter.
  9339 | Gauntlet | a fenstrider witch changed into a shadow dragon
  9339 | Gauntlet | Noticed a shadow dragon (glowing shapeshifter)
  9340 | Gauntlet | a shadow dragon changed into an iron dragon
  9340 | Gauntlet | Noticed an iron dragon (glowing shapeshifter)
  9342 | Gauntlet | Found a transporter.
  9343 | Gauntlet | an iron dragon changed into a sphinx
  9343 | Gauntlet | Noticed a sphinx (glowing shapeshifter)
  9344 | Gauntlet | a sphinx changed into a stone giant
  9344 | Gauntlet | Noticed a stone giant (glowing shapeshifter)
  9346 | Gauntlet | Found a transporter.
  9347 | Gauntlet | a stone giant changed into a sphinx
  9347 | Gauntlet | Noticed a sphinx (glowing shapeshifter)
  9349 | Gauntlet | Found a runed translucent gate.
  9349 | Gauntlet | a sphinx changed into an azure jelly
  9349 | Gauntlet | Noticed an azure jelly (glowing shapeshifter)
  9355 | Gauntlet | an azure jelly changed into a fire giant
  9355 | Gauntlet | Noticed a fire giant (glowing shapeshifter)
  9356 | Gauntlet | a fire giant changed into a fenstrider witch
  9356 | Gauntlet | Noticed a fenstrider witch (glowing shapeshifter)
  9357 | Gauntlet | a fenstrider witch changed into an eleionoma
  9357 | Gauntlet | Noticed an eleionoma (glowing shapeshifter)
  9358 | Gauntlet | an eleionoma changed into a fenstrider witch
  9358 | Gauntlet | Noticed a fenstrider witch (glowing shapeshifter)
  9363 | Gauntlet | a fenstrider witch changed into a stone giant
  9363 | Gauntlet | Noticed a stone giant (glowing shapeshifter)
  9365 | Gauntlet | a stone giant changed into a fenstrider witch
  9365 | Gauntlet | Noticed a fenstrider witch (glowing shapeshifter)
  9375 | Gauntlet | Found a transporter.
  9390 | Gauntlet | Noticed an apocalypse crab
  9392 | Gauntlet | Found a transporter.
  9396 | Gauntlet | Found a transporter.
  9397 | Gauntlet | Noticed an apocalypse crab
  9404 | Gauntlet | Found a transporter.
  9449 | Gauntlet | Noticed a black mamba
  9451 | Gauntlet | Noticed a catoblepas
  9453 | Gauntlet | Noticed a lindwurm
  9454 | Gauntlet | a catoblepas changed into something unseen
  9457 | Gauntlet | Noticed an emperor scorpion
  9501 | Gauntlet | Noticed an ettin
  9505 | Gauntlet | a lindwurm changed into a tarantella
  9512 | Gauntlet | an ettin changed into an alligator
  9512 | Gauntlet | Noticed an alligator (glowing shapeshifter)
  9513 | Gauntlet | an alligator changed into an ice dragon
  9513 | Gauntlet | Noticed an ice dragon (glowing shapeshifter)
  9584 | Gauntlet | Killed a green death
  9584 | Gauntlet | Succumbed to poison (poison gas)

Illustrated notes

Levels and vault maps discovered:
D:1:      psy_arrival_spokes, layout_loops_ring
D:2:      minmay_recursive_quarters, layout_basic, basic_altar,
          grunt_ministairs_14
D:3:      layout_loops_cross, cheibrodos_sewer_entry_bend
D:4:      layout_gridville
D:5:      layout_rooms, temple_hall, gammafunk_ghost_arena, uniq_ijyb,
          uniq_prince_ribbit1, uniq_pikel
D:6:      nicolae_cairo_tiling_large, layout_basic,
          hangedman_abyss_or_decor_stabs, minmay_hedge_maze
D:7:      layout_basic, nicolae_overflow_hidden_temple,
          nicolae_overflow_squiral, amethyst_killhole
D:8:      layout_loops_corners, general_overflow_altar, erik_lair_island,
          gammafunk_ghost_grave, nicolae_diode_basic, uniq_erica
Temple:   nicolae_temple_ecumenical_triangle
Lair:1:   layout_gridlike, gauntlet_entry_generic, infiniplex_staircase_pool
Gauntlet: minmay_gauntlet_mixed_oops_all_seconds
          [minmay_gauntlet_arena_77_chump_sandwich,
          gammafunk_gauntlet_arena_chambers,
          minmay_gauntlet_arena_77_run_for_it, gammafunk_gauntlet_arena_open,
          minmay_gauntlet_arena_77_museum, gammafunk_gauntlet_arena_mazey,
          gauntlet_exit_green]

Skill      XL: |  1  2  3  4  5  6  7  8  9 10 |
---------------+-------------------------------+-----
Short Blades   | 4 5 6 7 |  7.5
Fighting       | 4 5 7 |  7.0
Dodging        | 5 7 |  7.0
Long Blades    | 2 8 12 13 | 13.2
Throwing       | 4 |  4.8
Evocations     | 3 |  3.3

Action                   |  1- 3 |  4- 6 |  7- 9 | 10-12 || total
-------------------------+-------+-------+-------+-------++-------
Melee: Rapier            |    60 |   179 |       |       ||   239
       Tailslap          |       |     8 |       |       ||     8
       Scimitar          |       |     2 |   256 |   120 ||   378
       Punch             |       |     1 |     2 |     2 ||     5
Throw: Boomerang         |    33 |   107 |     7 |    23 ||   170
       Javelin           |     4 |       |       |       ||     4
       Throwing net      |     2 |       |       |       ||     2
       Dart              |       |       |     9 |     5 ||    14
Evoke: Wand              |       |       |       |     3 ||     3
  Use: Scroll            |       |       |     8 |     4 ||    12
       Potion            |       |       |       |     5 ||     5
 Stab: Sleeping          |     2 |       |       |       ||     2
       Held in net/web   |     1 |       |       |       ||     1
       Paralysed         |       |       |       |     5 ||     5
Armor: Leather armour    |    16 |    36 |    40 |       ||    92
       Ring mail         |       |       |    11 |       ||    11
       Troll leather arm |       |       |       |    16 ||    16
Dodge: Dodged            |    81 |   203 |   246 |   148 ||   678
Block: Other             |       |    44 |    50 |    33 ||   127
       Reflection        |       |     4 |       |       ||     4

Table legend: (Time is in decaauts)
 A = Elapsed time spent in this place.
 B = Non-inter-level travel time spent in this place.
 C = Inter-level travel time spent in this place.
 D = Time resting spent in this place.
 E = Time spent auto-exploring this place.
 F = Levels seen in this place.
 G = Mean time per level.
                   A        B        C        D        E       F      G
               +--------+--------+--------+--------+--------+-----+--------+
         Total |   9470 |   8770 |    700 |      0 |   6635 |  12 |  789.2 |
       Dungeon |   7960 |   7278 |    682 |      0 |   5750 |   8 |  995.0 |
        Temple |     43 |     25 |     18 |      0 |     18 |   1 |   43.0 |
          Lair |     85 |     85 |      0 |      0 |     45 |   1 |   85.0 |
         Sewer |   1076 |   1076 |      0 |      0 |    685 |   1 | 1076.0 |
      Gauntlet |    304 |    304 |      0 |      0 |    137 |   1 |  304.0 |
               +--------+--------+--------+--------+--------+-----+--------+

Top non-repeatable levels by time:
     D:2: 1225 daAuts
     D:4: 1167 daAuts
     D:8: 1133 daAuts
   Sewer: 1076 daAuts
     D:7: 1007 daAuts
     D:5: 909 daAuts
     D:6: 900 daAuts
     D:1: 827 daAuts
     D:3: 789 daAuts
Gauntlet: 304 daAuts
  Lair:1: 85 daAuts
  Temple: 43 daAuts
